 Dungeon Sprint DCSS version 0.27.1-1-g398f81649c (webtiles) character file.

Game seed: 3224175619325477126

0 boopmooplesden the Covered (level 1, -6/20 HPs)
             Began as a Minotaur Fighter on Sept 18, 2021.
             Was an Initiate of Okawaru.
             Mangled by Sigmund (9 damage)
             ... in the Dungeon (Sprint VI: "Thunderdome").
             The game lasted 00:00:22 (42 turns).

boopmooplesden the Covered (Minotaur Fighter)         Turns: 42, Time: 00:00:22

Health: -6/20      AC:  7    Str: 20    XL:     1   Next: 16%
Magic:  0/0        EV:  7    Int:  5    God:    Okawaru [......]
Gold:   200        SH:  9    Dex:  9    Spells: 0/0 levels left

rFire    . . .     SeeInvis .   a - +0 long sword
rCold    . . .     Faith    .   c - +0 kite shield
rNeg     . . .     Spirit   .   b - +0 scale mail
rPois    .         Reflect  .   (helmet restricted)
rElec    .         Harm     .   (no cloak)
rCorr    .         Rampage  .   (no gloves)
Will     .....     NoTele   +   (no boots)
Stlth    ..........             (no amulet)
HPRegen  0.06/turn              (no ring)
MPRegen  0.07/turn              (no ring)

@: mighty
A: horns 2, retaliatory headbutt
a: Renounce Religion


You were in the Dungeon.
You worshipped Okawaru.
Okawaru was noncommittal.
You visited 1 branch You collected 200 gold pieces.

Inventory:

Hand Weapons
 a - a +0 long sword (weapon)
Armour
 b - a +0 scale mail (worn)
 c - a +0 kite shield (worn)
Wands
 l - a wand of acid (5)
 m - a wand of iceblast (5)
Scrolls
 j - 4 scrolls of blinking
 n - 3 scrolls of fog
Potions
 e - a potion of curing
 f - 4 potions of heal wounds
 g - 4 potions of haste
 h - 2 potions of magic
 i - a potion of berserk rage
 k - a potion of resistance


   Skills:
 + Level 3.9 Fighting
 + Level 2.5 Long Blades
 + Level 3.9 Armour
 + Level 3.9 Shields


You couldn't memorise any spells.
You didn't know any spells.
Your spell library was empty.

Dungeon Overview and Level Annotations

Branches:
Dungeon (1/1)

Altars:
Cheibriados
Dithmenos
Fedhas
Gozag
Kikubaaqudgha
Okawaru
Ru
Trog
Vehumet
Wu Jian
Xom
Zin
The Shining One
Beogh
Lugonu

Shops:
D **[(!!!!

Annotations:
D Sigmund


Innate Abilities, Weirdness & Mutations

You have a pair of horns on your head.
You reflexively headbutt those who attack you in melee.


Message History

There is a sacrificial altar of Ru here.
You see here a hobgoblin corpse.
There is an entrance to Xeiput's Do-It-Yourself Clinic here.
Found an ancient bone altar of Kikubaaqudgha.
Found a shimmering altar of Xom.
Found Mozus's Weapon Rack and Okockakk's Premium Goods.
Found a shadowy altar of Dithmenos and an opulent altar of Gozag.
Found Coanif's Basic Armour and Nileats's Miscellaneous Merchandise.
Sigmund the Dreaded comes into view.
He is wielding a +0 scythe.
Sigmund shouts!
Found a glowing golden altar of the Shining One.
Found a radiant altar of Vehumet.
You feel very mighty all of a sudden.
Sigmund hits you from afar with a +0 scythe.
Found a bloodstained altar of Trog.
Sigmund hits you with a +0 scythe.
You barely miss Sigmund. Sigmund closely misses you. You furiously retaliate!
You headbutt Sigmund! You slash Sigmund!
Sigmund is severely wounded.
You block Sigmund's attack.
Your scale mail prevents you from hitting Sigmund.
Your headbutt misses Sigmund.
Sigmund is severely wounded.
Sigmund gestures wildly while chanting.
Sigmund flickers and vanishes!
Deactivating autopickup; reactivate with Ctrl-A.
You closely miss something. Something hits you.
You closely miss something. Your headbutt misses something. Something hits you.
You miss something. You headbutt something!
You hear some strange, mumbled words.
A puff of flame appears from out of thin air!
The puff of flame hits you.
* * * LOW HITPOINT WARNING * * *
You closely miss something.
You hear some strange, mumbled words.
A puff of flame appears from out of thin air!
The puff of flame misses you. Something hits you.
* * * LOW HITPOINT WARNING * * *
You closely miss something. Something hits you!
You die...

..###............ ......
#...###......... ......
#.<.# #.........
......###...###.........
.........###............
.......8.# #.8........∩#
___......###......___∩##
#.8.........8.######
#⌠.{@........⌠#
###.........###
#........_# #_........#
#_......._# #∩.......∩#
##∩.....∩## ##.....##
##⌠⌠⌠##


There were no monsters in sight!

Vanquished Creatures
  A hobgoblin (D)
1 creature vanquished.

Notes
Turn   | Place    | Note
-------+----------+-------------------------------------------
     0 | D        | boopmooplesden the Minotaur Fighter began the quest for the
                  | Orb.
     0 | D        | Reached XP level 1. HP: 19/19 MP: 0/0
     3 | D        | Found an iron altar of Okawaru.
     3 | D        | Found a blossoming altar of Fedhas.
     4 | D        | Found an ornate altar of the Wu Jian Council.
     5 | D        | Found a sacrificial altar of Ru.
     5 | D        | Found a corrupted altar of Lugonu.
     5 | D        | Round 1.
     6 | D        | Found Xeiput's Do-It-Yourself Clinic.
     6 | D        | Found a snail-covered altar of Cheibriados.
     6 | D        | Found Rero's Distillery.
     7 | D        | Found Kueph's Bottled Wisdom.
     7 | D        | Found Demov's Distillery.
     8 | D        | Found a glowing silver altar of Zin.
    11 | D        | Became a worshipper of Warmaster Okawaru
    20 | D        | Found an ancient bone altar of Kikubaaqudgha.
    21 | D        | Found a shimmering altar of Xom.
    27 | D        | Found a shadowy altar of Dithmenos.
    27 | D        | Found an opulent altar of Gozag.
    27 | D        | Found Mozus's Weapon Rack.
    27 | D        | Found Okockakk's Premium Goods.
    28 | D        | Found Coanif's Basic Armour.
    28 | D        | Found Nileats's Miscellaneous Merchandise.
    29 | D        | Noticed Sigmund
    31 | D        | Found a glowing golden altar of the Shining One.
    32 | D        | Found a radiant altar of Vehumet.
    34 | D        | Found a bloodstained altar of Trog.
    42 | D        | Mangled by Sigmund

Illustrated notes

Levels and vault maps discovered:
D:        arena_sprint

Action                   || total
-------------------------++-------
Melee: Long sword        ||     9
       Headbutt          ||     1
  Use: Potion            ||     1
Armor: Scale mail        ||     1
Dodge: Dodged            ||     2
Block: Kite shield       ||     1
